 Dungeon Crawl Stone Soup version 0.21.0-3-g78d12a8 (webtiles) character file.

582 Inarius the Chiller (level 7, 56/56 HPs)
             Began as a Red Draconian Ice Elementalist on Jan 11, 2018.
             Got out of the dungeon alive.
             The game lasted 00:10:20 (3193 turns).

Inarius the Chiller (DrIE)                          Turns: 3193, Time: 00:10:21

Health: 56/56      AC:  7    Str: 11    XL:     7   Next: 14%
Magic:  12/12      EV: 13    Int: 17    God:
Gold:   181        SH:  0    Dex: 14    Spells: 5/13 levels left

rFire    + . .     SeeInvis .   f - +5 short sword (vamp)
rCold    . . .     Gourm    .   (no shield)
rNeg     . . .     Faith    .   (armour unavailable)
rPois    .         Spirit   .   (helmet restricted)
rElec    .         Reflect  .   (no cloak)
rCorr    .         Harm     .   j - +0 pair of gloves
MR       .....                  (no boots)
Stlth    ++........             (no amulet)
HPRegen  0.18/turn              h - +3 ring of dexterity
MPRegen  0.13/turn              (no ring)

@: no status effects
A: breathe fire, unfitting armour, fire resistance 1, cold-blooded, AC +6
a: Breathe Fire


You escaped.
You were not hungry.

You visited 1 branch of the dungeon, and saw 5 of its levels.

You collected 181 gold pieces.

Inventory:

Hand Weapons
 f - a +5 vampiric short sword (weapon)
Armour
 j - a +0 pair of gloves (worn)
 n - a cursed +0 buckler
Jewellery
 h - a +3 ring of dexterity (left hand)
Scrolls
 c - a scroll of enchant weapon
 e - 2 scrolls of teleportation
 l - a scroll of noise {unknown}
 m - a scroll of amnesia {unknown}
 o - a scroll of immolation {unknown}
 p - 3 scrolls of identify
 t - a scroll of fear {unknown}
Potions
 d - a potion of degeneration {unknown}
 g - a potion of invisibility {unknown}
 i - a potion of haste {unknown}
 k - 2 potions of curing {unknown}
 q - a potion of agility {unknown}
 r - a potion of lignification {unknown}
 s - 2 potions of magic {unknown}
Books
 a - a book of Frost

   Spells                             Type                      Level
   a - Freeze                         Ice                          1
   b - Throw Frost                    Conjuration/Ice              2
   c - Ozocubu's Armour               Charms/Ice                   3
   d - Throw Icicle                   Conjuration/Ice              4
   e - Summon Ice Beast               Ice/Summoning                4
Comestibles
 b - 5 rations
 u - 3 chunks of flesh


   Skills:
 + Level 2.5 Fighting
 - Level 2.3 Dodging
 - Level 1.7 Stealth
 * Level 1.8 Shields
 + Level 3.6 Spellcasting
 * Level 2.2 Conjurations
 + Level 1.3 Charms
 * Level 4.7 Ice Magic


You had 5 spell levels left.
You knew the following spells:

 Your Spells              Type           Power        Failure   Level  Hunger
a - Freeze                Ice            ###.         2%          1    None
b - Ozocubu's Armour      Chrm/Ice       ##......     14%         3    ###....
c - Throw Icicle          Conj/Ice       ##......     36%         4    ####...


Dungeon Overview and Level Annotations

Branches:
Dungeon (5/15)
 Temple: D:4-7

Altars:

Annotations:
D:4 Grinder


Innate Abilities, Weirdness & Mutations

You can breathe blasts of fire.
Your fiery red scales are hard. (AC +6)
You cannot fit into any form of body armour.
Your flesh is heat resistant. (rF+)
You are cold-blooded and may be slowed by cold attacks.


Message History

Magic restored.
There is a stone staircase leading up here.
You climb upwards.
There is a stone staircase leading down here.
(D) Dungeon
Where to? (Enter - D:2, ? - help) HP restored.
There is a stone staircase leading down here.
There is a stone staircase leading up here.
You climb upwards.
There is a stone staircase leading down here.
(D) Dungeon
Where to? (Enter - D:1, ? - help)
Okay, then.
There is an open door here.
There is a staircase leading out of the dungeon here.
Are you sure you want to leave the Dungeon?
This will make you lose the game!
Alright, then stay!
Are you sure you want to leave the Dungeon?
This will make you lose the game!
You have escaped!

≈≈≈≈≈≈....≈≈≈≈≈≈≈≈≈≈≈≈≈..........
#≈≈≈≈≈...≈≈≈≈≈≈≈≈≈≈≈≈≈≈..........
#.≈≈.....≈≈≈≈≈≈≈≈≈≈≈≈≈≈....######
'........≈≈≈≈≈≈≈≈≈≈≈≈≈≈....#
#.........≈≈≈≈≈≈≈≈≈≈≈≈≈≈.#.######
#≈≈≈........≈≈#####≈≈≈≈≈.#..[....
≈≈≈≈..≈......##...##≈≈≈≈.#######.
≈≈≈≈≈≈≈≈.....#.....#≈≈≈≈..# #.
≈≈≈≈≈≈≈≈≈....'..@..#≈≈≈≈≈.# #.
≈≈≈≈≈≈≈≈≈....#.....#≈≈.≈≈.# #.
≈≈≈≈≈≈≈≈≈....##...##≈≈≈≈..# #.
≈≈≈≈≈≈≈≈≈≈....#####≈≈≈≈..## #.
≈≈≈≈≈≈≈≈≈≈....≈≈≈≈≈≈≈≈..## #.
≈≈≈≈≈≈≈≈≈.....≈≈≈≈≈≈...## #.
..≈≈≈≈≈........≈≈≈...### #.
...................### #.
.........#..####################.


There were no monsters in sight!

Vanquished Creatures
  A phantom (D:4)
  A centaur (D:5)
  A water moccasin skeleton (D:4)
  2 scorpions (D:4)
  An orc priest (D:3)
  An orc wizard (D:3)
  Terence (D:2)
  A gnoll (D:1)
  6 adders
  An ooze (D:2)
  3 worms
  2 dart slugs
  3 leopard geckos
  12 orcs
  A ball python (D:1)
  A giant cockroach (D:3)
  10 goblins
  8 hobgoblins
  9 jackals
  2 quokkas
  5 bats
  3 frilled lizards
  8 kobolds
  6 rats
89 creatures vanquished.

Notes
Turn   | Place    | Note
-------+----------+-------------------------------------------
     0 | D:1      | Inarius the Draconian Ice Elementalist began the quest for the Orb.
     0 | D:1      | Reached XP level 1. HP: 14/14 MP: 3/3
   197 | D:1      | Reached XP level 2. HP: 20/20 MP: 0/5
   707 | D:1      | Reached XP level 3. HP: 22/26 MP: 6/6
   730 | D:1      | Reached skill level 4 in Ice Magic
  1186 | D:2      | Learned a level 3 spell: Ozocubu's Armour
  1318 | D:2      | Reached XP level 4. HP: 32/33 MP: 5/7
  1643 | D:2      | Noticed Terence
  1653 | D:2      | Killed Terence
  1752 | D:2      | Found a faded altar of an unknown god.
  1962 | D:3      | Reached XP level 5. HP: 36/39 MP: 7/9
  1984 | D:3      | Learned a level 4 spell: Throw Icicle
  2124 | D:3      | Reached skill level 5 in Ice Magic
  2140 | D:3      | Reached skill level 1 in Charms
  2187 | D:3      | Noticed an ice beast
  2470 | D:4      | Reached skill level 1 in Shields
  2470 | D:4      | Reached XP level 6. HP: 46/46 MP: 6/10
  2747 | D:4      | Noticed Grinder
  2923 | D:4      | Paralysed by Grinder for 5 turns
  2928 | D:5      | Entered Level 5 of the Dungeon
  3090 | D:5      | Your scales start taking on a fiery red colour.
  3090 | D:5      | Reduced skill Ice Magic to level 4
  3090 | D:5      | Reached XP level 7. HP: 47/56 MP: 6/12
  3090 | D:5      | Gained mutation: Your flesh is heat resistant. (rF+) [Red Draconian growth]
  3193 | D:$      | Got out of the dungeon alive.

Skill      XL: |  1  2  3  4  5  6 |
---------------+-------------------+-----
Ice Magic      | 4 5 4 |  4.7
Dodging        | 2 |  2.3
Spellcasting   | 3 |  3.6
Charms         | 1 |  1.3
Shields        | 1 |  1.8
Fighting       | 2 |  2.5
Conjurations   | 2 |  2.2
Stealth        | |  1.7

Action                   |  1- 3 |  4- 6 |  7- 9 || total
-------------------------+-------+-------+-------++-------
Melee: Unarmed           |     8 |       |       ||     8
       Tailslap          |     9 |    18 |       ||    27
       Dagger            |    63 |    31 |       ||    94
       Short sword       |       |   152 |     1 ||   153
 Cast: Freeze            |    40 |    20 |     1 ||    61
       Ozocubu's Armour  |       |     2 |       ||     2
  Use: Scroll            |     1 |     3 |       ||     4
 Stab: Sleeping          |     2 |     4 |       ||     6
  Eat: Chunk             |     2 |     4 |       ||     6
       Ration            |       |     2 |       ||     2
Armor: Skin              |    27 |    93 |       ||   120
Dodge: Dodged            |    71 |   130 |     2 ||   203
